 Dungeon Crawl Stone Soup version 0.28.0-45-g0d030f2227 (webtiles) character file.

Game seed: 9001083716228103570

282 DearestLeader the Grasshopper (level 6, 0/75 HPs)
             Began as a Gnoll Warper on Apr 20, 2022.
             Slain by a phantom (4 damage)
             ... on level 6 of the Dungeon.
             The game lasted 00:05:12 (4068 turns).

DearestLeader the Grasshopper (Gnoll Warper)        Turns: 4068, Time: 00:05:14

Health: 0/75       AC: 23    Str: 12    XL:     6   Next: 28%
Magic:  5/14       EV:  2    Int: 19    God:
Gold:   163        SH:  0    Dex: 11    Spells: 7/15 levels left

rFire   . . .      SeeInvis .   i - +0 short sword (elec)
rCold   . . .      Faith    .   (no shield)
rNeg    . . .      Spirit   .   (armour currently unavailable)
rPois   +          Reflect  .   (helmet currently unavailable)
rElec   .          Harm     .   (cloak currently unavailable)
rCorr   .          Rampage  .   (gloves currently unavailable)
Will    .....      NoTele   +   (boots currently unavailable)
Stlth   +.........              (no amulet)
HPRegen 0.22/turn               m - +6 ring of intelligence
MPRegen 0.14/turn               (no ring)

@: confused, tree-form, ambrosia-drunk, hasted and slowed
A: stationary, stasis, torment immunity, boosted hp, (fangs 1), strong nose,
distributed training
a: no special abilities


You were on level 6 of the Dungeon.
You were a tree.
You visited 1 branch of the dungeon, and saw 6 of its levels.

You collected 163 gold pieces.

Inventory:

Hand Weapons
 a - a +0 hand axe
 i - a +0 short sword of electrocution (weapon)
 n - a +0 whip of pain
Missiles
 d - 4 boomerangs of dispersal
 j - 23 bolts
 l - 2 poisoned darts (quivered)
 p - 2 boomerangs
Armour
 b - a +0 leather armour (melded)
 o - a scarf of repulsion (melded)
Jewellery
 k - a ring of fire
 m - a +6 ring of intelligence (left branch)
Wands
 s - a wand of flame (7)
Scrolls
 c - a scroll of blinking
 e - a scroll of magic mapping {unknown}
 f - 2 scrolls of identify {unknown}
 r - a scroll of enchant weapon {unknown}


   Skills:
 + Level 4.9 Fighting
 + Level 1.9 Short Blades
 + Level 1.9 Long Blades
 + Level 4.9 Axes
 + Level 1.9 Maces & Flails
 + Level 1.9 Polearms
 + Level 1.9 Staves
 + Level 1.9 Slings
 + Level 1.9 Bows
 + Level 1.9 Crossbows
 + Level 3.2 Throwing
 + Level 3.2 Armour
 + Level 4.9 Dodging
 + Level 1.9 Stealth
 + Level 1.9 Shields
 + Level 1.9 Unarmed Combat
 + Level 5.3 Spellcasting
 + Level 1.5 Conjurations
 + Level 1.5 Hexes
 + Level 1.5 Summonings
 + Level 1.5 Necromancy
 + Level 5.6 Translocations
 + Level 1.5 Transmutations
 + Level 1.5 Fire Magic
 + Level 1.5 Ice Magic
 + Level 1.5 Air Magic
 + Level 1.5 Earth Magic
 + Level 1.5 Poison Magic
 + Level 2.1 Invocations
 + Level 1.9 Evocations


You had 7 spell levels left.
You knew the following spells:

 Your Spells              Type           Power      Damage    Failure   Level
a - Blink                 Tloc           52%        N/A       1%          2
b - Gell's Gravitas       Tloc           26%        N/A       3%          3
c - Teleport Other        Tloc           26%        N/A       3%          3

Your spell library contained the following spells:

 Spells                   Type           Power      Damage    Failure   Level
 Lesser Beckoning         Tloc           26%        N/A       3%          3
 Manifold Assault         Tloc           26%        N/A       32%         5


Dungeon Overview and Level Annotations

Branches:
Dungeon (7/15)
 Temple: D:4-7

Altars:
Gozag

Shops:
D:3 *


Innate Abilities, Weirdness & Mutations

You are a tree.
Your roots penetrate the ground, keeping you stationary.
You cannot be teleported.
You are immune to unholy pain and torment.
Your maximum health is greatly increased.
Your equipment is partially melded.
((You have very sharp teeth.))
Your uncanny sense of smell can sniff out nearby items.
Your experience applies equally to all skills.


Message History

Unknown command.
Casting: Gell's Gravitas (dangerous; 3% risk of failure)
Confirm with . or Enter, or press ? or * to list all spells.
Aiming: Gell's Gravitas (dangerous; 3% risk of failure)
Press: ? - help, Dir - move target, f - kobold brigand, p - phantom
Aim: a kobold brigand, wielding a +0 short sword and quivering curare-tipped darts (lightly wounded) Gravity reorients around the kobold brigand.
The kobold collides with the kobold brigand!
The kobold brigand is lightly wounded.
The kobold is severely wounded.
The kobold collides with the kobold brigand!
The kobold brigand is lightly wounded.
You kill the kobold!
The kobold collides with the kobold brigand!
The kobold brigand is lightly wounded.
You kill the kobold!
The kobold collides with the kobold brigand!
The kobold brigand is moderately wounded.
You kill the kobold!
The kobold brigand hits you but does no damage.
The phantom hits you but does no damage.
The kobold hits you but does no damage.
The kobold brigand hits you but does no damage.
The phantom hits you.
* * * LOW HITPOINT WARNING * * *
Unknown command.
It was a potion of haste.
You feel yourself speed up. The kobold hits you but does no damage.
The kobold brigand hits you with a +0 short sword.
* * * LOW HITPOINT WARNING * * *
The phantom hits you.
* * * LOW HITPOINT WARNING * * *
The kobold hits you but does no damage.
It was a potion of ambrosia.
You are confused.
You feel invigorated.
The kobold brigand hits you with a +0 short sword.
* * * LOW HITPOINT WARNING * * *
The phantom hits you.
You die...

.K. #$.>...
.#. #W#
#.##### .#.#
#.# #.# # ...
#.#####.#####
#..
#...Y.(......
#..
#Y#####.#####
#.. #.# #.#
###.#))#####.#
#Y#
#....)K♣WK)..#
#.#
#.#.#.K####..#
###)### #..
#..# #..[..#
#.. #..#
#.....# ...
#..........#
....
..........!#
#.#.#
#.####.....#
#.#. #.#
####.## .#


You could see a phantom, a kobold brigand and 2 kobolds.

Vanquished Creatures
  An ice beast (D:6)
  Terence (D:2)
  An iguana (D:4)
  An orc wizard (D:3)
  2 adders (D:2)
  3 dart slugs
  8 orcs
  4 endoplasms
  3 giant cockroaches
  5 goblins
  2 hobgoblins
  8 jackals
  4 quokkas
  11 ball pythons
  6 bats
  2 frilled lizards
  10 kobolds
  6 rats
78 creatures vanquished.

Notes
Turn   | Place    | Note
-------+----------+-------------------------------------------
     0 | D:1      | DearestLeader the Gnoll Warper began the quest for the Orb.
     0 | D:1      | Reached XP level 1. HP: 20/20 MP: 6/6
    99 | D:1      | Reached XP level 2. HP: 14/26 MP: 7/7
   122 | D:1      | Learned a level 2 spell: Blink
  1041 | D:1      | Reached XP level 3. HP: 31/31 MP: 9/9
  1130 | D:2      | Reached skill level 5 in Spellcasting
  1305 | D:2      | Found a faded altar of an unknown god.
  1396 | D:2      | Noticed Terence
  1410 | D:2      | Reached skill level 1 in Invocations
  1623 | D:2      | Reached skill level 1 in Short Blades
  1623 | D:2      | Reached skill level 1 in Long Blades
  1623 | D:2      | Reached skill level 1 in Maces & Flails
  1623 | D:2      | Reached skill level 1 in Polearms
  1623 | D:2      | Reached skill level 1 in Staves
  1623 | D:2      | Reached skill level 1 in Slings
  1623 | D:2      | Reached skill level 1 in Bows
  1623 | D:2      | Reached skill level 1 in Crossbows
  1623 | D:2      | Reached skill level 1 in Stealth
  1623 | D:2      | Reached skill level 1 in Shields
  1623 | D:2      | Reached skill level 1 in Unarmed Combat
  1623 | D:2      | Reached skill level 1 in Evocations
  1700 | D:2      | Reached XP level 4. HP: 31/38 MP: 11/11
  1894 | D:2      | Killed Terence
  2090 | D:2      | Reached skill level 1 in Conjurations
  2090 | D:2      | Reached skill level 1 in Hexes
  2090 | D:2      | Reached skill level 1 in Summonings
  2090 | D:2      | Reached skill level 1 in Necromancy
  2090 | D:2      | Reached skill level 1 in Transmutations
  2090 | D:2      | Reached skill level 1 in Fire Magic
  2090 | D:2      | Reached skill level 1 in Ice Magic
  2090 | D:2      | Reached skill level 1 in Air Magic
  2090 | D:2      | Reached skill level 1 in Earth Magic
  2090 | D:2      | Reached skill level 1 in Poison Magic
  2141 | D:2      | Found an opulent altar of Gozag.
  2173 | D:2      | Learned a level 3 spell: Gell's Gravitas
  2177 | D:2      | Learned a level 3 spell: Teleport Other
  3024 | D:3      | Reached XP level 5. HP: 36/43 MP: 12/12
  3151 | D:3      | Found Zonumiss's General Store.
  3867 | D:4      | You fall into a shaft and drop 3 floors!
  4001 | D:6      | Noticed a phantom
  4017 | D:6      | Noticed an ice beast
  4046 | D:6      | Noticed a kobold brigand
  4062 | D:6      | Killed an ice beast
  4063 | D:6      | Reached XP level 6. HP: 9/50 MP: 3/14
  4067 | D:6      | HP: 3/75 [kobold brigand/+0 short sword (2)]
  4067 | D:6      | HP: 1/75 [phantom (2)]
  4068 | D:6      | Slain by a phantom

Illustrated notes

Levels and vault maps discovered:
D:1:      giann_horns, layout_basic
D:2:      layout_basic, basic_altar, nicolae_ecumenical_snake_handling,
          uniq_terence
D:3:      layout_loops_corners, serial_shops, shop, kennysheep_cross_bottleneck
D:4:      layout_loops_cross, minmay_temple_entry_trees, serial_shops,
          shop_statue, minmay_misc_feat_square, st_stairs_14
D:6:      cheibrodos_iron_armory, layout_loops_ring, uniq_crazy_yiuf_cottage
D:7:      layout_basic, serial_co_window_serial, co_window_paths_a,
          co_window_of_opportunity_a, co_window_cross_1, co_window_paths_b,
          co_window_of_opportunity_a, co_window_of_opportunity_c,
          co_window_of_opportunity_c, co_window_unsneaky_path_d, glass_columns_c

Skill      XL: |  1  2  3  4  5 |
---------------+----------------+-----
Spellcasting   | 5 |  5.3
Invocations    | 1 2 |  2.1
Short Blades   | 1 |  1.9
Long Blades    | 1 |  1.9
Maces & Flails | 1 |  1.9
Polearms       | 1 |  1.9
Staves         | 1 |  1.9
Slings         | 1 |  1.9
Bows           | 1 |  1.9
Crossbows      | 1 |  1.9
Stealth        | 1 |  1.9
Shields        | 1 |  1.9
Unarmed Combat | 1 |  1.9
Evocations     | 1 |  1.9
Conjurations   | 1 |  1.5
Hexes          | 1 |  1.5
Summonings     | 1 |  1.5
Necromancy     | 1 |  1.5
Transmutations | 1 |  1.5
Fire Magic     | 1 |  1.5
Ice Magic      | 1 |  1.5
Air Magic      | 1 |  1.5
Earth Magic    | 1 |  1.5
Poison Magic   | 1 |  1.5
Throwing       | 3 |  3.2
Armour         | 3 |  3.2
Fighting       | |  4.9
Axes           | |  4.9
Dodging        | |  4.9
Translocations | |  5.6

Action                   |  1- 3 |  4- 6 || total
-------------------------+-------+-------++-------
Melee: Hand axe          |    72 |       ||    72
       Bite              |     7 |     9 ||    16
       Punch             |     2 |       ||     2
       Short sword       |    60 |   129 ||   189
Throw: Dart              |       |     1 ||     1
       Boomerang         |       |     1 ||     1
 Cast: Gell's Gravitas   |       |     6 ||     6
  Use: Potion            |       |     4 ||     4
 Stab: Sleeping          |       |     1 ||     1
Armor: Leather armour    |    29 |    21 ||    50
       Skin              |       |    74 ||    74
Dodge: Dodged            |   106 |    69 ||   175
